 Dungeon Crawl Stone Soup version 0.20.1-1-g8b1a95d (webtiles) character file.

1794 QuCean the Cleaver (level 8, -4/70 HPs)
             Began as a Minotaur Fighter on Oct 18, 2017.
             Was an Initiate of Okawaru.
             Killed from afar by an orc wizard (7 damage)
             ... with a puff of flame
             ... on level 6 of the Dungeon.
             The game lasted 00:16:16 (7342 turns).

QuCean the Cleaver (Minotaur Fighter)               Turns: 7342, Time: 00:16:17

Health: -4/70      AC:  9    Str: 23    XL:     8   Next: 82%
Magic:  7/7        EV:  9    Int:  5    God:    Okawaru [......]
Gold:   304        SH: 10    Dex: 10    Spells: 7/7 levels left

rFire    . . .     SeeInvis .   a - +0 war axe
rCold    . . .     Gourm    .   c - +0 shield
rNeg     . . .     Faith    .   b - +0 scale mail
rPois    .         Spirit   .   (helmet restricted)
rElec    .         Reflect  .   (no cloak)
rCorr    .         Harm     .   r - +0 pair of gloves
MR       .....                  (no boots)
Stlth    ..........             (no amulet)
Regen    0.3/turn               (no ring)
MPRegen  0.1/turn               (no ring)

@: no status effects
A: retaliatory headbutt, horns 2
a: Renounce Religion


You were on level 6 of the Dungeon.
You worshipped Okawaru.
Okawaru was noncommittal.
You were not hungry.

You visited 2 branches of the dungeon, and saw 7 of its levels.

You collected 304 gold pieces.

Inventory:

Hand Weapons
 a - a +0 war axe (weapon)
Armour
 b - a +0 scale mail (worn)
 c - a +0 shield (worn)
 r - a +0 pair of gloves (worn)
Jewellery
 q - an uncursed ring of ice {unknown}
 G - a cursed amulet of inaccuracy {unknown}
 H - an uncursed ring of poison resistance {unknown}
Wands
 o - a wand of flame (16/48)
 y - a wand of acid (12/15)
 F - a wand of iceblast (6/15)
Scrolls
 e - 8 scrolls of remove curse
 g - 2 scrolls of magic mapping
 h - 4 scrolls of identify
 i - a scroll of enchant armour {unknown}
 k - 2 scrolls of fog {unknown}
 t - a scroll of fear {unknown}
 v - 2 scrolls of immolation {unknown}
 z - 2 scrolls of amnesia {unknown}
 B - 2 scrolls of blinking {unknown}
 C - 3 scrolls of enchant weapon {unknown}
 E - a scroll of teleportation {unknown}
 I - a scroll of recharging {unknown}
Potions
 d - 2 potions of might
 j - 2 potions of mutation {unknown}
 m - 3 potions of lignification {unknown}
 n - a potion of flight {unknown}
 p - a potion of magic {unknown}
 s - a potion of haste {unknown}
 u - 2 potions of brilliance {unknown}
 w - a potion of invisibility {unknown}
 x - a potion of heal wounds {unknown}
 A - a potion of berserk rage {unknown}
 K - a potion of degeneration {unknown}
Books
 J - a book of Misfortune

   Spells                             Type                      Level
   a - Confusing Touch                Hexes                        1
   b - Confuse                        Hexes                        3
   c - Gell's Gravitas                Translocation                3
   d - Petrify                        Transmutation/Earth          4
   e - Metabolic Englaciation         Hexes/Ice                    5
   f - Yara's Violent Unravelling     Hexes/Transmutation          5
Comestibles
 f - 3 bread rations
 D - 3 royal jellies


   Skills:
 + Level 5.9 Fighting
 + Level 8.4 Axes
 + Level 7.9 Armour
 + Level 2.5 Dodging
 + Level 1.7 Stealth
 + Level 6.8 Shields


You had 7 spell levels left.
You didn't know any spells.

Dungeon Overview and Level Annotations

Branches:
Dungeon (6/15)             Temple (1/1) D:5

Altars:
Ashenzari
Cheibriados
Dithmenos
Fedhas
Gozag
Hepliaklqana
Kikubaaqudgha
Nemelex Xobeh
Okawaru
Qazlal
Ru
Trog
Vehumet
Xom
Zin

Shops:
D:5 (


Innate Abilities, Weirdness & Mutations

You reflexively headbutt those who attack you in melee.
You have a pair of horns on your head.


Message History

Beogh smites you!
* * * LOW HITPOINT WARNING * * *
There is an open door here.
You hear some strange, mumbled words.
A puff of flame appears from out of thin air!
The puff of flame hits you!
* * * LOW HITPOINT WARNING * * *
You feel better. Something hits you but does no damage.
You feel better. You block something's attack.
The orc priest calls down the wrath of Beogh upon you.
Beogh smites you!
* * * LOW HITPOINT WARNING * * *
You block something's attack.
The orc priest mumbles some strange prayers to Beogh against you.
Beogh smites you!
* * * LOW HITPOINT WARNING * * *
You hear some strange, mumbled words.
A puff of flame appears from out of thin air!
The puff of flame hits you!
You die...

############## #.(...........
#.############ ###### #)#
#....## #.# #.....# #.#
#.....#####.######### #
#....'@.{........... .
#######....#.###o...###### /
#.......<..#.###....#....###.
#.........##........o....oo)o
#.........######....#....###.
#.........# #....#....# .
#.........# .......###### .
#.........# #........ .
#.........# #......... .


You could see an orc.

Vanquished Creatures
  Pikel (D:4)
  Prince Ribbit (D:5)
  A sky beast (D:3)
  A slave (D:4)
  A phantom (D:5)
  The ghost of veneficus the Skirmisher, an amateur MiFi (D:4)
  A necrophage (D:5)
  2 centaurs
  A scorpion (D:4)
  A howler monkey (D:4)
  2 crimson imps
  An orc wizard (D:2)
  A bullfrog skeleton (D:5)
  An orc priest (D:3)
  2 hounds
  A centaur skeleton (D:5)
  An iguana (D:4)
  Ijyb (D:2)
  Terence (D:3)
  2 worker ants
  A hound skeleton (D:6)
  11 adders
  3 oozes
  2 adder skeletons
  A worm (D:3)
  5 dart slugs
  2 leopard geckos
  5 orcs
  9 giant cockroaches
  9 goblins
  7 hobgoblins
  3 jackals (D:4)
  3 quokkas
  3 ball pythons
  5 bats
  7 frilled lizards
  10 kobolds
  7 rats
117 creatures vanquished.

Vanquished Creatures (others)
  A slave (D:5)
1 creature vanquished.

Grand Total: 118 creatures vanquished

Notes
Turn   | Place    | Note
-------+----------+-------------------------------------------
     0 | D:1      | QuCean the Minotaur Fighter began the quest for the Orb.
     0 | D:1      | Reached XP level 1. HP: 19/19 MP: 0/0
   481 | D:1      | Reached XP level 2. HP: 26/27 MP: 1/1
  1357 | D:2      | Reached XP level 3. HP: 30/33 MP: 2/2
  1490 | D:2      | Reached skill level 3 in Axes
  1644 | D:2      | Noticed Ijyb
  1667 | D:2      | Killed Ijyb
  1667 | D:2      | Reached XP level 4. HP: 7/40 MP: 3/3
  1943 | D:2      | Found a sacrificial altar of Ru.
  2014 | D:2      | Reached skill level 4 in Axes
  2398 | D:3      | Reached XP level 5. HP: 43/46 MP: 4/4
  2525 | D:3      | Noticed a sky beast
  2537 | D:3      | Killed a sky beast
  2537 | D:3      | Reached skill level 5 in Armour
  2924 | D:3      | Noticed Terence
  2933 | D:3      | Killed Terence
  2933 | D:3      | Reached skill level 5 in Axes
  2933 | D:3      | Reached XP level 6. HP: 44/53 MP: 5/5
  3154 | D:3      | Found an opulent altar of Gozag.
  3713 | D:3      | Reached skill level 5 in Shields
  4154 | D:4      | Found a bloodstained altar of Trog.
  4173 | D:4      | Noticed veneficus's ghost (amateur MiFi)
  4192 | D:4      | Killed veneficus's ghost
  4192 | D:4      | Reached skill level 1 in Dodging
  4879 | D:4      | Reached XP level 7. HP: 60/60 MP: 6/6
  4985 | D:4      | Reached skill level 6 in Axes
  5176 | D:5      | Entered Level 5 of the Dungeon
  5316 | D:5      | Noticed Prince Ribbit
  5345 | D:5      | Killed Prince Ribbit
  5345 | D:5      | Reached skill level 5 in Fighting
  5345 | D:5      | Reached skill level 1 in Stealth
  5598 | D:5      | Found a shimmering altar of Xom.
  5601 | D:5      | Noticed Pikel
  5628 | D:5      | Found Uqur's Weapon Shop.
  5640 | D:4      | Reached skill level 7 in Axes
  5846 | D:4      | Killed Pikel
  5846 | D:4      | Reached XP level 8. HP: 40/69 MP: 7/7
  6150 | D:5      | Reached skill level 8 in Axes
  6242 | D:5      | Found a staircase to the Ecumenical Temple.
  6251 | Temple   | Entered the Ecumenical Temple
  6319 | Temple   | Became a worshipper of Warmaster Okawaru
  6713 | D:5      | Found a shattered altar of Ashenzari.
  7333 | D:6      | HP: 2/70 [something/puff of flame (11)]
  7342 | D:6      | Killed from afar by an orc wizard

Skill      XL: |  1  2  3  4  5  6  7  8 |
---------------+-------------------------+-----
Fighting       | 4 5 |  5.9
Armour         | 4 5 7 |  7.9
Shields        | 4 5 6 |  6.8
Axes           | 3 4 5 7 8 |  8.4
Dodging        | 1 2 |  2.5
Stealth        | 1 |  1.7

Action                   |  1- 3 |  4- 6 |  7- 9 || total
-------------------------+-------+-------+-------++-------
Melee: War axe           |    76 |   143 |   139 ||   358
       Headbutt          |    10 |    22 |    22 ||    54
  Use: Scroll            |     4 |       |       ||     4
       Potion            |       |       |     2 ||     2
  Eat: Chunk             |     1 |    12 |       ||    13
       Bread ration      |       |       |     2 ||     2
Armor: Scale mail        |    19 |    75 |    51 ||   145
Dodge: Dodged            |    16 |    56 |    47 ||   119
Block: Shield            |    38 |    75 |    70 ||   183
